3R
CANONNIERS DE QUEBEC @ BALLARD BEAVERS
07/30/2041
 
TOP OF THE 1ST
Canonniers de Quebec batting - Pitching for Ballard Beavers : LHP Qi-chao Hsu
Pitching: LHP Qi-chao Hsu
Batting: SHB Russ King 0-0: Ball
1-0: Ball
2-0: Called Strike
2-1: Ball
3-1: Foul Ball, location: 2F
3-2: Foul Ball, location: 2F
3-2: Foul Ball, location: 2F
3-2: Foul Ball, location: 2F
3-2: Strikes out looking
Batting: RHB Nick West 0-0: SINGLE (Groundball, 56, EV 97.5 MPH) (infield hit)
Batting: LHB Román Ramos 0-0: Ball
1-0: Foul Ball, location: 2F
1-1: Foul Ball, location: 2F
1-2: Fly out, F7 (Flyball, 78XD, EV 83.8 MPH)
Batting: LHB Juan Romero 0-0: Ball
1-0: Called Strike
1-1: Foul Ball, location: 2F
1-2: Strikes out looking
Top of the 1st over - 0 runs, 1 hit, 0 errors, 1 left on base; Canonniers de Quebec 0 - Ballard 0
BOTTOM OF THE 1ST
Ballard Beavers batting - Pitching for Canonniers de Quebec : RHP Jorge Méndez
Pitching: RHP Jorge Méndez
Batting: RHB Eli Johnson 0-0: Ball
1-0: Called Strike
1-1: Fly out, F8 (Flyball, 78M, EV 87.5 MPH)
Batting: LHB Desi Liñares 0-0: Ball
1-0: Ball
2-0: Swinging Strike
2-1: Called Strike
2-2: Ground out 4-3 (Groundball, 4, EV 100.0 MPH)
Batting: RHB Sergio Estrada 0-0: Called Strike
0-1: Foul Ball, location: 2F
0-2: Ball
1-2: Ball
2-2: Fly out, F9 (Flyball, 9LM, EV 76.2 MPH)
Bottom of the 1st over - 0 runs, 0 hits, 0 errors, 0 left on base; Canonniers de Quebec 0 - Ballard 0
TOP OF THE 2ND
Canonniers de Quebec batting - Pitching for Ballard Beavers : LHP Qi-chao Hsu
Batting: RHB Arthur Hall 0-0: Ball
1-0: Fly out, F7 (Flyball, 7D, EV 90.0 MPH)
Batting: LHB Abdul-Alim Nadeem 0-0: Called Strike
0-1: Swinging Strike
0-2: Ball
1-2: Strikes out swinging
Batting: RHB Juan Cortéz 0-0: Called Strike
0-1: Swinging Strike
0-2: Ball
1-2: Ball
2-2: Strikes out swinging
Top of the 2nd over - 0 runs, 0 hits, 0 errors, 0 left on base; Canonniers de Quebec 0 - Ballard 0
BOTTOM OF THE 2ND
Ballard Beavers batting - Pitching for Canonniers de Quebec : RHP Jorge Méndez
Batting: RHB Suk-jin Yi 0-0: SINGLE (Groundball, 56D, EV 95.0 MPH)
Batting: RHB Kevin Neal 0-0: Ball
1-0: Called Strike
1-1: Ball
2-1: SINGLE (Line Drive, 9S, EV 96.2 MPH)
Suk-jin Yi to second
Runner from 2nd tries for 3rd, SAFE, throw by RF made to third
Batting: RHB John Reed 0-0: Called Strike
0-1: Swinging Strike
0-2: Strikes out swinging
Batting: SHB Kian Iles 0-0: Ball
Kevin Neal steals 2nd base
1-0: Swinging Strike
1-1: Ball
2-1: Swinging Strike
2-2: Strikes out swinging
Batting: LHB Hans Filemonsen 0-0: Ball
1-0: Ball
2-0: Fly out, F8 (Flyball, 78D, EV 88.8 MPH)
Bottom of the 2nd over - 0 runs, 2 hits, 0 errors, 2 left on base; Canonniers de Quebec 0 - Ballard 0
TOP OF THE 3RD
Canonniers de Quebec batting - Pitching for Ballard Beavers : LHP Qi-chao Hsu
Batting: RHB Rich Robinson 0-0: Foul Ball, location: 2F
0-1: Swinging Strike
0-2: Strikes out looking
Batting: RHB Manny Costello 0-0: Swinging Strike
0-1: Swinging Strike
0-2: Ball
1-2: Ball
2-2: Foul Ball, location: 2F
2-2: Strikes out swinging
Batting: SHB Russ King 0-0: Ball
1-0: Ball
2-0: Ball
3-0: Called Strike
3-1: Base on Balls
Batting: RHB Nick West 0-0: Called Strike
0-1: Foul Ball, location: 2F
0-2: Ball
1-2: Foul Ball, location: 2F
1-2: Ball
2-2: Foul Ball, location: 2F
2-2: Ball
3-2: Ground out 5-3 (Groundball, 56, EV 110.0 MPH)
Top of the 3rd over - 0 runs, 0 hits, 0 errors, 1 left on base; Canonniers de Quebec 0 - Ballard 0
BOTTOM OF THE 3RD
Ballard Beavers batting - Pitching for Canonniers de Quebec : RHP Jorge Méndez
Batting: RHB Jim McDermott 0-0: Ball
1-0: Called Strike
1-1: Fly out, F8 (Flyball, 89D, EV 83.8 MPH)
Batting: RHB Eli Johnson 0-0: Ball
1-0: Ball
2-0: Swinging Strike
2-1: Swinging Strike
2-2: Strikes out looking
Batting: LHB Desi Liñares 0-0: Called Strike
0-1: SINGLE (Groundball, 34D, EV 102.5 MPH)
Batting: RHB Sergio Estrada 0-0: SINGLE (Groundball, 6MD, EV 93.8 MPH)
Desi Liñares to second
Runner from 2nd tries for 3rd, SAFE, throw by CF made to third
Batting: RHB Suk-jin Yi 0-0: Ball
1-0: Foul Ball, location: 2F
1-1: Ball
2-1: Fielders Choice at 2nd, 5-4 (Groundball, 56, EV 103.8 MPH)
Bottom of the 3rd over - 0 runs, 2 hits, 0 errors, 2 left on base; Canonniers de Quebec 0 - Ballard 0
TOP OF THE 4TH
Canonniers de Quebec batting - Pitching for Ballard Beavers : LHP Qi-chao Hsu
Batting: LHB Román Ramos 0-0: Fly out, F8 (Line Drive, 8RM, EV 97.5 MPH)
Batting: LHB Juan Romero 0-0: Called Strike
0-1: SINGLE (Line Drive, 89S, EV 100.6 MPH)
Batting: RHB Arthur Hall 0-0: Ball
Wild Pitch!
Juan Romero to second
1-0: Ball
2-0: Called Strike
2-1: Foul Ball, location: 2F
2-2: Ball
3-2: Base on Balls
Batting: LHB Abdul-Alim Nadeem 0-0: Ball
1-0: Called Strike
1-1: Foul Ball, location: 2F
1-2: Fly out, F8 (Flyball, 8RM, EV 88.1 MPH)
Batting: RHB Juan Cortéz 0-0: Ball
1-0: Ball
2-0: Fly out, F9 (Flyball, 9, EV 91.2 MPH)
Top of the 4th over - 0 runs, 1 hit, 0 errors, 2 left on base; Canonniers de Quebec 0 - Ballard 0
BOTTOM OF THE 4TH
Ballard Beavers batting - Pitching for Canonniers de Quebec : RHP Jorge Méndez
Batting: RHB Kevin Neal 0-0: Called Strike
0-1: Called Strike
0-2: Foul Ball, location: 2F
0-2: Ball
1-2: Foul Ball, location: 2F
1-2: Ball
2-2: Foul Ball, location: 2F
2-2: Fly out, F7 (Flyball, 7S, EV 91.9 MPH)
Batting: RHB John Reed 0-0: Ground out 5-3 (Groundball, 56, EV 98.8 MPH)
Batting: SHB Kian Iles 0-0: Ball
1-0: Ball
2-0: Foul Ball, location: 2F
2-1: Ball
3-1: Ground out 6-3 (Groundball, 6, EV 89.4 MPH)
Bottom of the 4th over - 0 runs, 0 hits, 0 errors, 0 left on base; Canonniers de Quebec 0 - Ballard 0
TOP OF THE 5TH
Canonniers de Quebec batting - Pitching for Ballard Beavers : LHP Qi-chao Hsu
Batting: RHB Rich Robinson 0-0: Called Strike
0-1: Called Strike
0-2: Ball
1-2: Strikes out swinging
Batting: RHB Manny Costello 0-0: Called Strike
0-1: Ball
1-1: Swinging Strike
1-2: Ball
2-2: Foul Ball, location: 2F
2-2: Ball
3-2: Strikes out swinging
Batting: SHB Russ King 0-0: Foul Ball, location: 2F
0-1: Foul Ball, location: 2F
0-2: DOUBLE (Groundball, 5L, EV 98.8 MPH)
Batting: RHB Nick West 0-0: Called Strike
0-1: Ball
1-1: Foul Ball, location: 2F
1-2: Strikes out looking
Top of the 5th over - 0 runs, 1 hit, 0 errors, 1 left on base; Canonniers de Quebec 0 - Ballard 0
BOTTOM OF THE 5TH
Ballard Beavers batting - Pitching for Canonniers de Quebec : RHP Jorge Méndez
Batting: LHB Hans Filemonsen 0-0: Ball
1-0: Ball
2-0: Called Strike
2-1: Ball
3-1: Called Strike
3-2: Base on Balls
Batting: RHB Jim McDermott 0-0: Bunted foul
0-1: Bunt missed!
0-2: Fly out, F8 (Line Drive, 8LD, EV 90.6 MPH)
Batting: RHB Eli Johnson 0-0: Called Strike
0-1: Swinging Strike
0-2: Ball
1-2: Foul Ball, location: 2F
1-2: Fly out, F5 (Popup, 5F, EV 69.4 MPH)
Batting: LHB Desi Liñares 0-0: Ground out 1-3 (Groundball, 15S, EV 74.4 MPH)
Bottom of the 5th over - 0 runs, 0 hits, 0 errors, 1 left on base; Canonniers de Quebec 0 - Ballard 0
TOP OF THE 6TH
Canonniers de Quebec batting - Pitching for Ballard Beavers : LHP Qi-chao Hsu
Batting: LHB Román Ramos 0-0: Called Strike
0-1: SINGLE (Line Drive, 9S, EV 110.0 MPH)
Batting: LHB Juan Romero 0-0: Swinging Strike
0-1: Swinging Strike
0-2: Foul Ball, location: 2F
0-2: Ball
1-2: Strikes out swinging
Pitching: RHP Bernd Elders
Batting: RHB Arthur Hall 0-0: Foul Ball, location: 2F
0-1: Ball
1-1: Ball
2-1: Foul Ball, location: 2F
2-2: Foul Ball, location: 2F
2-2: Strikes out swinging
Batting: LHB Abdul-Alim Nadeem 0-0: Called Strike
0-1: Ball
1-1: Foul Ball, location: 2F
1-2: Strikes out swinging
Top of the 6th over - 0 runs, 1 hit, 0 errors, 1 left on base; Canonniers de Quebec 0 - Ballard 0
BOTTOM OF THE 6TH
Ballard Beavers batting - Pitching for Canonniers de Quebec : RHP Jorge Méndez
Batting: RHB Sergio Estrada 0-0: Called Strike
0-1: SINGLE (Groundball, 5S, EV 68.1 MPH) (infield hit)
Batting: RHB Suk-jin Yi 0-0: Ball
1-0: Foul Ball, location: 2F
1-1: Swinging Strike
1-2: Strikes out looking
Batting: RHB Kevin Neal 0-0: Ball
1-0: 2-RUN HOME RUN (Flyball, 89XD, EV 102.5 MPH), Distance : 424 ft
Batting: RHB John Reed 0-0: Ball
1-0: Ball
2-0: Swinging Strike
2-1: Called Strike
2-2: Ball
3-2: Ground out 1-3 (Groundball, 15S, EV 68.1 MPH)
Batting: SHB Kian Iles 0-0: Foul Ball, location: 2F
0-1: Called Strike
0-2: Fly out, F9 (Flyball, 9, EV 88.1 MPH)
Bottom of the 6th over - 2 runs, 2 hits, 0 errors, 0 left on base; Canonniers de Quebec 0 - Ballard 2
TOP OF THE 7TH
Canonniers de Quebec batting - Pitching for Ballard Beavers : RHP Bernd Elders
Now at SS: Quentin Meadmore
Batting: RHB Juan Cortéz 0-0: Called Strike
0-1: Ball
1-1: Called Strike
1-2: Foul Ball, location: 2F
1-2: Strikes out swinging
Batting: RHB Rich Robinson 0-0: Ball
1-0: Ground out 4-3 (Groundball, 4, EV 88.8 MPH)
Batting: RHB Manny Costello 0-0: Ball
1-0: Ball
2-0: Foul Ball, location: 2F
2-1: Foul Ball, location: 2F
2-2: Strikes out swinging
Top of the 7th over - 0 runs, 0 hits, 0 errors, 0 left on base; Canonniers de Quebec 0 - Ballard 2
BOTTOM OF THE 7TH
Ballard Beavers batting - Pitching for Canonniers de Quebec : RHP Jorge Méndez
Batting: LHB Hans Filemonsen 0-0: Ball
1-0: Fly out, F9 (Flyball, 9S, EV 93.8 MPH)
Batting: RHB Jim McDermott 0-0: Fly out, F3 (Popup, 3S, EV 83.8 MPH)
Batting: RHB Eli Johnson 0-0: Ball
1-0: Ball
2-0: Ball
3-0: Called Strike
3-1: Foul Ball, location: 2F
3-2: Foul Ball, location: 2F
3-2: Ground out U3 (Groundball, 34, EV 85.0 MPH)
Bottom of the 7th over - 0 runs, 0 hits, 0 errors, 0 left on base; Canonniers de Quebec 0 - Ballard 2
TOP OF THE 8TH
Canonniers de Quebec batting - Pitching for Ballard Beavers : RHP Bernd Elders
Batting: SHB Russ King 0-0: Hit by Pitch
Batting: RHB Nick West 0-0: Swinging Strike
0-1: Ball
1-1: Foul Ball, location: 2F
1-2: TRIPLE (Flyball, 9LD, EV 104.4 MPH)
Russ King scores
Pitching: LHP Bill Zimmerman
Batting: LHB Román Ramos 0-0: Called Strike
0-1: Foul Ball, location: 2F
0-2: Ball
1-2: Ball
2-2: Strikes out swinging
Batting: LHB Juan Romero 0-0: Foul Ball, location: 2F
0-1: Fly out, F8 (Flyball, 8RS, EV 86.2 MPH)
Batting: RHB Arthur Hall 0-0: Called Strike
0-1: Foul Ball, location: 2F
0-2: Ball
1-2: Foul Ball, location: 2F
1-2: Fly out, F8 (Line Drive, 8RD, EV 100.0 MPH)
Top of the 8th over - 1 run, 1 hit, 0 errors, 1 left on base; Canonniers de Quebec 1 - Ballard 2
BOTTOM OF THE 8TH
Ballard Beavers batting - Pitching for Canonniers de Quebec : RHP Jorge Méndez
Pitching: RHP Sam Martínez
Batting: RHB Quentin Meadmore 0-0: Swinging Strike
0-1: Ball
1-1: Ball
2-1: Foul Ball, location: 2F
2-2: Ground out 1-3 (Groundball, 13, EV 76.2 MPH)
Batting: RHB Sergio Estrada 0-0: Called Strike
0-1: Called Strike
0-2: Ball
1-2: SINGLE (Line Drive, 4D, EV 96.2 MPH)
Batting: RHB Suk-jin Yi 0-0: Ball
1-0: Grounds into double play, 6-4-3 (Groundball, 6, EV 87.5 MPH)
Bottom of the 8th over - 0 runs, 1 hit, 0 errors, 0 left on base; Canonniers de Quebec 1 - Ballard 2
TOP OF THE 9TH
Canonniers de Quebec batting - Pitching for Ballard Beavers : LHP Bill Zimmerman
Pitching: RHP Paul Johnson
Batting: LHB Abdul-Alim Nadeem 0-0: Called Strike
0-1: Swinging Strike
0-2: Ball
1-2: Foul Ball, location: 2F
1-2: Strikes out swinging
Batting: RHB Juan Cortéz 0-0: Ball
1-0: Called Strike
1-1: Swinging Strike
1-2: Foul Ball, location: 2F
1-2: Foul Ball, location: 2F
1-2: Strikes out swinging
Batting: RHB Rich Robinson 0-0: Ball
1-0: Swinging Strike
1-1: Called Strike
1-2: Strikes out swinging
Top of the 9th over - 0 runs, 0 hits, 0 errors, 0 left on base; Canonniers de Quebec 1 - Ballard 2
Tuesday, January 5th, 2021 - OOTP Baseball 20.8 Build 74